 Dungeon Crawl Stone Soup version 0.26.0-10-g1f06aea511 (webtiles) character file.

Game seed: 6693278608063465481

6510 Amaterasu the Cleaver (level 10, -3/93 HPs)
             Began as a Minotaur Fighter on Jan 31, 2021.
             Was an Initiate of Makhleb.
             Slain by a basilisk (7 damage)
             ... while petrified by a basilisk
             ... on level 10 of the Dungeon.
             The game lasted 00:11:15 (9012 turns).

Amaterasu the Cleaver (Minotaur Fighter)            Turns: 9012, Time: 00:11:16

Health: -3/93      AC: 21    Str: 24    XL:     10   Next: 69%
Magic:  9/9        EV:  2    Int:  5    God:    Makhleb [......]
Gold:   439        SH:  0    Dex: 10    Spells: 9/9 levels left

rFire    . . .     SeeInvis .   a - +1 war axe
rCold    . . .     Faith    .   c - +0 kite shield
rNeg     + + +     Spirit   .   y - +4 chain mail {rN+}
rPois    ∞         Reflect  .   (helmet restricted)
rElec    .         Harm     .   g - +0 cloak
rCorr    .         Rampage  .   j - +2 pair of gloves
Will     .....                  l - +1 pair of boots
Stlth    ..........             x - amulet of the acrobat
HPRegen  0.25/turn              m - ring of poison resistance
MPRegen  0.11/turn              (no ring)

@: petrified
A: retaliatory headbutt, horns 2
a: Renounce Religion


You were on level 10 of the Dungeon.
You worshipped Makhleb.
Makhleb was noncommittal.
You visited 2 branches of the dungeon, and saw 11 of its levels.

You collected 462 gold pieces.
You spent 23 gold pieces at shops.

Inventory:

Hand Weapons
 a - a +1 war axe (weapon)
Armour
 c - a +0 kite shield (worn)
 g - a +0 cloak (worn)
 j - a +2 pair of gloves (worn)
 l - a +1 pair of boots (worn)
 p - a +0 plate armour
 y - a +4 chain mail of positive energy (worn)
 B - a +0 tower shield
Jewellery
 m - a ring of poison resistance (left hand)
 x - an amulet of the acrobat (around neck)
 C - an uncursed amulet of regeneration {unknown}
 E - a cursed ring of teleportation {unknown}
Wands
 q - a wand of random effects (16)
 u - a wand of disintegration (14)
 A - a wand of acid (6)
Scrolls
 b - 2 scrolls of remove curse
 e - 5 scrolls of blinking
 i - 2 scrolls of fog
 n - 3 scrolls of amnesia
 s - 2 scrolls of enchant armour
 t - 3 scrolls of teleportation
 v - 2 scrolls of magic mapping
 F - a scroll of identify
Potions
 d - 3 potions of might
 f - 4 potions of heal wounds
 h - a potion of mutation
 k - 4 potions of haste
 o - 6 potions of curing {unknown}
 r - 2 potions of brilliance {unknown}
 w - a potion of cancellation {unknown}
 z - a potion of magic {unknown}
 D - a potion of flight {unknown}


   Skills:
 - Level 10.0 Fighting
 * Level 14.0 Axes
 - Level 7.0 Armour
 * Level 4.4 Dodging
 * Level 6.1 Shields


You had 9 spell levels left.
You didn't know any spells.
Your spell library contained the following spells:

 Spells                   Type           Power        Failure   Level
 Beastly Appendage        Tmut           0%           100%        1
 Freeze                   Ice            0%           100%        1
 Wereblood                Tmut           0%           100%        2
 Frozen Ramparts          Ice            0%           100%        3
 Ozocubu's Armour         Ice            0%           100%        3
 Spider Form              Tmut/Pois      0%           100%        3
 Hailstorm                Conj/Ice       0%           100%        4
 Ice Form                 Ice/Tmut       0%           100%        4
 Summon Ice Beast         Ice/Summ       0%           100%        4
 Blade Hands              Tmut           0%           100%        5


Dungeon Overview and Level Annotations

Branches:
Dungeon (10/15)            Temple (1/1) D:7            Lair (0/6) D:10
    Orc: D:9-12

Altars:
Ashenzari
Cheibriados
Dithmenos
Elyvilon
Fedhas
Gozag
Hepliaklqana
Kikubaaqudgha
Makhleb
Nemelex Xobeh
Okawaru
Qazlal
Ru
Sif Muna
Trog
Uskayaw
Vehumet
Wu Jian
Xom
Yredelemnul
Zin
The Shining One

Shops:
D:9 ?((*(

Annotations:
D:8 2 transporters, StoneSoupSpirit's ghost, novice DsCK
D:10 Psyche


Innate Abilities, Weirdness & Mutations

You reflexively headbutt those who attack you in melee.
You have a pair of horns on your head.


Message History

Something hits you but does no damage. Space bends around you.
* * * LOW HITPOINT WARNING * * *
The basilisk bites you!
* * * LOW HITPOINT WARNING * * *
Something hits you but does no damage. Space bends around you.
* * * LOW HITPOINT WARNING * * *
The basilisk gazes at you. Something completely misses you.
The basilisk gazes at you. You resist with some effort.
Something hits you but does no damage. Space warps horribly around you!
* * * LOW HITPOINT WARNING * * *
The basilisk gazes at you. You resist with some effort.
Something hits you but does no damage.
You blink.
The basilisk gazes at you. You resist with some effort.
The basilisk hisses menacingly.
The basilisk bites you!
You die...

##.###..# ..#
####.......###.##
#...........##..##
...#.............####..
#####....#...†.........
# #.....###.†l...# #
#..#######...{.###
###.... #.........##
.#..# #......l@...#
....# ...............#
#..## .......>.......#
#..## #..P......P....#
....# ##..P.....P..#.#
....## #.........## ..
.......# ###.....### .
........ .......
.........


You could see 2 basilisks.

Vanquished Creatures
  Harold (D:7)
  Erolcha (D:9)
  A two-headed ogre (D:9)
  A troll (D:9)
  A yak (D:10)
  A wyvern (D:10)
  4 orc warriors
  An eye of draining (D:8)
  A sky beast (D:5)
  2 black bears
  A necrophage (D:9)
  5 ogres
  A phantom (D:9)
  3 centaurs
  6 bullfrogs
  A wyvern zombie (D:7)
  A wyvern skeleton (D:9)
  3 scorpions
  6 killer bees (D:9)
  7 wights (D:8)
  An electric eel (D:6)
  A howler monkey (D:8)
  A centaur zombie (D:8)
  A bullfrog zombie (D:5)
  4 jellies
  A centaur skeleton (D:6)
  A hound (D:9)
  3 orc priests
  2 bullfrog skeletons
  13 orc wizards
  5 worker ants
  4 hound skeletons
  A howler monkey skeleton (D:5)
  A howler monkey zombie (D:5)
  A worker ant zombie (D:5)
  6 gnolls
  6 adders
  A shadow imp (D:7)
  A white imp (D:5)
  An ufetubus (D:8)
  An adder skeleton (D:8)
  4 worms (D:3)
  2 dart slugs
  6 leopard geckos
  37 orcs
  5 giant cockroaches
  9 goblins
  3 hobgoblins
  9 jackals
  10 kobolds
  3 quokkas
  7 bats
  3 frilled lizards
  A leopard gecko skeleton (D:4)
  A leopard gecko zombie (D:5)
  A quokka skeleton (D:5)
  A quokka zombie (D:8)
  6 rats
212 creatures vanquished.

Vanquished Creatures (others)
  A goblin (D:3)
1 creature vanquished.

Grand Total: 213 creatures vanquished

Notes
Turn   | Place    | Note
-------+----------+-------------------------------------------
     0 | D:1      | Amaterasu the Minotaur Fighter began the quest for the Orb.
     0 | D:1      | Reached XP level 1. HP: 19/19 MP: 0/0
   112 | D:1      | Reached XP level 2. HP: 27/27 MP: 1/1
   448 | D:1      | Reached skill level 3 in Axes
  1185 | D:2      | Reached XP level 3. HP: 34/34 MP: 2/2
  1620 | D:3      | Reached skill level 4 in Axes
  1628 | D:3      | Reached XP level 4. HP: 41/41 MP: 3/3
  1672 | D:3      | Reached skill level 5 in Fighting
  1762 | D:3      | Found a white marble altar of Elyvilon.
  1818 | D:3      | Reached skill level 5 in Axes
  1818 | D:3      | Reached XP level 5. HP: 48/48 MP: 4/4
  2326 | D:4      | Found a snail-covered altar of Cheibriados.
  2500 | D:4      | Noticed an ogre
  2508 | D:4      | Killed an ogre
  2509 | D:4      | Reached skill level 5 in Armour
  2509 | D:4      | Reached XP level 6. HP: 39/57 MP: 5/5
  2737 | D:4      | Found a hazy altar of Hepliaklqana.
  2782 | D:5      | Entered Level 5 of the Dungeon
  2785 | D:5      | Reached skill level 6 in Axes
  3145 | D:5      | Reached XP level 7. HP: 63/63 MP: 6/6
  3168 | D:5      | Reached skill level 7 in Axes
  3602 | D:5      | Found a sparkling altar of Nemelex Xobeh.
  3604 | D:5      | Found a shimmering altar of Xom.
  3668 | D:5      | Reached skill level 8 in Axes
  4044 | D:6      | Reached XP level 8. HP: 56/71 MP: 7/7
  4222 | D:6      | Noticed a +0 hand axe
  4223 | D:6      | Found a hide-covered altar of Uskayaw.
  4223 | D:6      | Noticed a +0 dagger
  4322 | D:6      | Reached skill level 9 in Axes
  4547 | D:6      | Found a broken altar of Ashenzari.
  4924 | D:7      | Found an ancient bone altar of Kikubaaqudgha.
  4973 | D:7      | Reached skill level 1 in Dodging
  5192 | D:7      | Reached skill level 10 in Axes
  5318 | D:7      | Found a glowing golden altar of the Shining One.
  5474 | D:7      | Noticed Harold
  5489 | D:7      | Killed Harold
  5490 | D:7      | Reached skill level 11 in Axes
  5490 | D:7      | Reached XP level 9. HP: 51/81 MP: 8/8
  5748 | D:7      | Reached skill level 12 in Axes
  5937 | D:7      | Found a staircase to the Ecumenical Temple.
  5948 | Temple   | Entered the Ecumenical Temple
  6415 | D:8      | Noticed a two-headed ogre
  6416 | D:8      | Noticed StoneSoupSpirit's ghost (novice DsCK)
  6439 | D:8      | Found a transporter.
  6711 | D:8      | Found an opulent altar of Gozag.
  6891 | D:8      | Found a transporter.
  6982 | D:8      | Found a bloodstained altar of Trog.
  7291 | D:9      | Found Ojovon's Magic Scroll Shoppe.
  7295 | D:9      | Noticed a two-headed ogre
  7312 | D:9      | Killed a two-headed ogre
  7313 | D:9      | Reached skill level 13 in Axes
  7313 | D:9      | Reached XP level 10. HP: 27/91 MP: 9/9
  7648 | D:9      | Found Woqaon's Weapon Boutique.
  7654 | D:9      | Found Hehu's Assorted Antiques.
  7739 | D:9      | Bought a fizzy purple potion for 23 gold pieces
  7749 | D:9      | Found Jekutech's Antique Weapon Emporium.
  7802 | D:9      | Reached skill level 5 in Shields
  7815 | D:9      | Found a faded altar of an unknown god.
  7815 | D:9      | Found a faded altar of an unknown god.
  7820 | D:9      | Found a burning altar of Makhleb.
  7823 | D:9      | Found a radiant altar of Vehumet.
  7825 | D:9      | Found a snail-covered altar of Cheibriados.
  7830 | D:9      | Became a worshipper of Makhleb the Destroyer
  8262 | D:9      | Noticed Erolcha
  8282 | D:9      | Killed Erolcha
  8283 | D:9      | Reached skill level 10 in Fighting
  8656 | D:9      | Found Toblyuno's Weapon Boutique.
  8951 | D:10     | Entered Level 10 of the Dungeon
  8989 | D:10     | Noticed Psyche
  8991 | D:10     | Found a staircase to the Lair.
  9004 | D:10     | Reached skill level 14 in Axes
  9010 | D:10     | HP: 3/93 [something (6)]
  9012 | D:10     | Slain by a basilisk

Illustrated notes

Levels and vault maps discovered:
D:1:      dpeg_arrival_pond, layout_basic
D:2:      layout_rooms, hex_intersection
D:3:      layout_rooms, elyvilon_altar_4
D:4:      layout_rooms, nzn_hepliaklqana_mist_gate, kennysheep_slug_shrine
D:5:      layout_basic, chequers_temple_overflow_statue_of_worship,
          minmay_pentangle
D:6:      minmay_flawed_box, layout_basic, marbit_many_paths,
          dancing_weapons_uskayaw, minmay_misc_feat_plants, lightli_minifort
D:7:      layout_basic, overflow_temple_1_default, kiku_gazebo_pond_becter,
          minmay_temple_entry_statues_pillars, hangedman_decor_growths,
          uniq_harold
D:8:      layout_loops_ring, general_overflow_altar, trog_eyes_of_draining,
          nzn_ghost_randoct
D:9:      layout_gridville, chequers_temple_overflow_minitemple, serial_shops,
          nicolae_shop_trees, shop, shop_fountains, shop, shop, uniq_erolcha
D:10:     layout_layer_cave, david_lair_generic, uniq_nergalle, uniq_psyche,
          uniq_joseph
Temple:   compressed_dpeg_triangle_lava_temple

Skill      XL: |  1  2  3  4  5  6  7  8  9 10 |
---------------+-------------------------------+-----
Fighting       | 4 5 6 8 9 10 | 10.0
Axes           | 3 4 5 6 8 11 13 14 | 14.0
Armour         | 5 6 7 |  7.0
Dodging        | 2 3 4 |  4.4
Shields        | 4 6 |  6.1

Action                   |  1- 3 |  4- 6 |  7- 9 | 10-12 || total
-------------------------+-------+-------+-------+-------++-------
Melee: War axe           |    81 |   123 |   289 |   117 ||   610
       Headbutt          |     7 |    22 |    62 |    32 ||   123
  Use: Scroll            |     7 |     2 |     8 |     1 ||    18
Armor: Scale mail        |    47 |    49 |       |       ||    96
       Plate armour      |       |     6 |   102 |       ||   108
       Chain mail        |       |       |    45 |    75 ||   120
Dodge: Dodged            |    24 |    37 |    51 |    29 ||   141
Block: Kite shield       |    38 |    64 |   132 |    47 ||   281
